 Dungeon Sprint DCSS version 0.26-a0-662-g8b9c6dab81 (webtiles) character file.

Game seed: 11316955267803353081

6990 olmar the Brawler (level 10, -16/171 HPs)
             Began as a Troll Fighter on Oct 9, 2020.
             Was an Initiate of Gozag.
             Demolished by a tentacle (18 damage)
             ... attached to a kraken
             ... in the Dungeon (Sprint II: "The Violet Keep of Menkaure").
             The game lasted 00:05:47 (1148 turns).

olmar the Brawler (Troll Fighter)                   Turns: 1148, Time: 00:05:49

Health: -16/171    AC:  7    Str: 30 (31) XL:     10   Next: 81%
Magic:  9/9        EV: 10    Int:  4      God:    Gozag
Gold:   2639       SH:  0    Dex:  9      Spells: 9/9 levels left

rFire    . . .     SeeInvis .     - Unarmed
rCold    . . .     Faith    .   (no shield)
rNeg     . . .     Spirit   .   h - +2 robe of the Vacuum {Str+2}
rPois    +         Reflect  .   (helmet restricted)
rElec    .         Harm     .   (no cloak)
rCorr    .         Rampage  .   (gloves unavailable)
MR       .....     NoTele   +   (boots unavailable)
Stlth    ..........             (no amulet)
HPRegen  0.78/turn              (no ring)
MPRegen  0.11/turn              (no ring)

@: mighty, berserking, slow
A: large, unfitting armour, claws 3, deformed body, deterioration 1, poison
resistance, regeneration 1, shaggy fur 1, tough skin 3
a: Potion Petition, Call Merchant, Bribe Branch, Renounce Religion


You were in the Dungeon.
You worshipped Gozag.
Gozag was most pleased with you.
You visited 1 branch You collected 4227 gold pieces.
You spent 1263 gold pieces at shops.
You paid 325 gold pieces to Gozag.

Inventory:

Armour
 a - a +0 robe
 b - a +0 kite shield
 h - the +2 robe of the Vacuum (worn) {Str+2}
   (You bought it in a shop in the Dungeon)

   It affects your strength (+2).
Jewellery
 r - an uncursed ring of ice
Scrolls
 i - 3 scrolls of blinking
 j - a scroll of identify
 k - a scroll of fog
 l - a scroll of remove curse
 m - a scroll of silence
 n - a scroll of fear
 o - a scroll of enchant weapon
 p - a scroll of summoning
Potions
 d - 5 potions of curing
 f - 2 potions of flight
 g - 2 potions of magic
 q - a potion of ambrosia
 s - a potion of brilliance


   Skills:
 + Level 11.4 Fighting
 - Level 2.4 Dodging
 + Level 10.5 Shields
 + Level 18.1 Unarmed Combat


You had 9 spell levels left.
You didn't know any spells.
Your spell library was empty.

Dungeon Overview and Level Annotations

Branches:
Dungeon (1/1)

Altars:
Cheibriados
Dithmenos
Elyvilon
Fedhas
Gozag
Hepliaklqana
Kikubaaqudgha
Makhleb
Nemelex Xobeh
Okawaru
Qazlal
Ru
Sif Muna
Trog
Uskayaw
Vehumet
Wu Jian
Xom
Yredelemnul
Zin
The Shining One
Beogh
Jiyva
Lugonu

Shops:
D :!:(!}?}(=??=[[

Annotations:
D exclusion: oklob plant


Innate Abilities, Weirdness & Mutations

You are too large for most types of armour.
You have claws for hands.
Your natural rate of healing is unusually fast.
You are covered in fur. (AC +1)
You have extremely tough skin. (AC +3)
Armour fits poorly on your strangely shaped body.
Your body sometimes deteriorates upon taking damage.
Your system is resistant to poisons. (rPois)


Message History

The tentacle slaps you but does no damage.
You mangle the tentacle!!
You kill the tentacle!
The tentacle slaps you!!
* * * LOW HITPOINT WARNING * * *
Unknown command.
You claw the tentacle!
The tentacle is moderately wounded.
The tentacle slaps you!
* * * LOW HITPOINT WARNING * * *
Unknown command.
The kraken squirts a massive cloud of ink into the water!
Unknown command.
You enter the shallow water.
Moving in this stuff is going to be slow.
You feel a strong urge to attack something.
The kraken squirts a massive cloud of ink into the water!
The tentacle slaps you!!
You die...
Your body crumbles into a pile of gold.

###.#..# $ $ ..'.##.#
)▓()?(!((!▓▓
..#...####▓?)?!?$??▓▓$$
####^.##.#▓$([$$(()▓▓ $
#..'..#..#▓$$$?$$!!▓▓
#..#..#..#▓?!!?[((?▓▓
####..##.#▓!(((!???▓▓
..###§..##▓▓▓▓▓▓▓+▓▓▓▓+▓
....≈≈≈≈≈≈≈≈≈≈§§@w──Xw≈▓ $
§§..≈#'########'###w§§≈▓
≈§..≈#_._._...#§§§##§§≈▓$ $
≈≈≈.≈#._._._._#§≈≈≈####▓▓
§≈≈≈≈#_._._._.#≈§≈≈≈##..#$$
§≈§§≈#._._._._#§≈§≈≈≈#§§#$
§§≈≈≈#.._._._.#§§§§§§§§§+$$
###≈§#..._._._#≈≈§§§§#.§#$
# #§§#...._._.#§≈§§§§▓..#$$


You could see a kraken and 3 tentacles.

Vanquished Creatures
  A crystal guardian (D)
  A great orb of eyes (D)
  2 death drakes (D)
  2 deep trolls (D)
  A merfolk siren (D)
  A yaktaur (D)
  3 polar bears (D)
  A hornet (D)
  3 wyverns (D)
  4 neqoxecs (D)
  Menkaure (D)
  4 water moccasins (D)
  2 swamp drakes (D)
  3 black bears (D)
  A scorpion (D)
  4 worker ants (D)
  3 worms (D)
  3 tentacles (D)
40 creatures vanquished.

Vanquished Creatures (others)
  8 tentacles (D)
8 creatures vanquished.

Grand Total: 48 creatures vanquished

Notes
Turn   | Place    | Note
-------+----------+-------------------------------------------
     0 | D        | olmar the Troll Fighter began the quest for the Orb.
     0 | D        | Reached XP level 1. HP: 22/22 MP: 0/0
    23 | D        | Reached XP level 2. HP: 20/31 MP: 1/1
    47 | D        | Found Myfup's Gadget Boutique.
    47 | D        | Found Taishrou's Magic Scroll Shop.
    47 | D        | Found Xyameos's Jewellery Shop.
    47 | D        | Found Vokleig's Jewellery Shop.
    47 | D        | Found Foaxiq's Gadget Boutique.
    47 | D        | Noticed a water moccasin
    51 | D        | Killed a water moccasin
    51 | D        | Reached skill level 5 in Fighting
    51 | D        | Reached skill level 5 in Shields
    51 | D        | Reached skill level 5 in Unarmed Combat
    51 | D        | Reached XP level 3. HP: 38/42 MP: 2/2
    51 | D        | Reached XP level 4. HP: 45/50 MP: 3/3
    52 | D        | Found Liecudgh Numu's Antique Armour Shop.
    52 | D        | Found Qubru's Magic Scroll Boutique.
    52 | D        | Found Zadapai's Magic Scroll Shop.
   105 | D        | Found Waereomo's Distillery.
   105 | D        | Found Quameg's Weapon Boutique.
   112 | D        | Noticed a merfolk siren
   122 | D        | Killed a merfolk siren
   122 | D        | Reached skill level 8 in Unarmed Combat
   122 | D        | Reached XP level 5. HP: 39/63 MP: 4/4
   122 | D        | Reached XP level 6. HP: 45/72 MP: 5/5
   187 | D        | Reached XP level 7. HP: 49/80 MP: 6/6
   270 | D        | Found an iron altar of Okawaru.
   270 | D        | Found an opulent altar of Gozag.
   271 | D        | Found a sparkling altar of Nemelex Xobeh.
   271 | D        | Found a blossoming altar of Fedhas.
   272 | D        | Found a radiant altar of Vehumet.
   272 | D        | Found a burning altar of Makhleb.
   272 | D        | Found a white marble altar of Elyvilon.
   273 | D        | Found a hide-covered altar of Uskayaw.
   273 | D        | Found a corrupted altar of Lugonu.
   273 | D        | Found a shadowy altar of Dithmenos.
   274 | D        | Found a glowing silver altar of Zin.
   274 | D        | Found a bloodstained altar of Trog.
   274 | D        | Found an ancient bone altar of Kikubaaqudgha.
   275 | D        | Found a basalt altar of Yredelemnul.
   275 | D        | Found a shimmering blue altar of Sif Muna.
   275 | D        | Found a viscous altar of Jiyva.
   276 | D        | Found a shimmering altar of Xom.
   276 | D        | Found a sacrificial altar of Ru.
   278 | D        | Found a glowing golden altar of the Shining One.
   278 | D        | Found an ornate altar of the Wu Jian Council.
   278 | D        | Found a stormy altar of Qazlal.
   278 | D        | Found a snail-covered altar of Cheibriados.
   278 | D        | Found a hazy altar of Hepliaklqana.
   279 | D        | Found a roughly hewn altar of Beogh.
   282 | D        | Became a worshipper of Gozag Ym Sagoz the Greedy
   301 | D        | Noticed a neqoxec
   301 | D        | Noticed a neqoxec
   309 | D        | Killed a neqoxec
   309 | D        | Reached skill level 9 in Unarmed Combat
   309 | D        | Noticed a neqoxec
   311 | D        | Killed a neqoxec
   311 | D        | Gained mutation: Armour fits poorly on your strangely
                  | shaped body. [a neqoxec]
   313 | D        | Gained mutation: Your system is resistant to poisons.
                  | (rPois) [a neqoxec]
   316 | D        | Gained mutation: Your body sometimes deteriorates upon
                  | taking damage. [a neqoxec]
   318 | D        | Killed a neqoxec
   318 | D        | Reached skill level 10 in Unarmed Combat
   318 | D        | Noticed a neqoxec
   324 | D        | Killed a neqoxec
   324 | D        | Reached XP level 8. HP: 78/92 MP: 7/7
   334 | D        | Noticed Menkaure
   341 | D        | Killed Menkaure
   357 | D        | Found Loly Xaz's Antique Armour Boutique.
   357 | D        | Found Ojuul's Antique Weapon Shop.
   357 | D        | Found Xitis's Book Shop.
   357 | D        | Found Feoguff's Distillery.
   357 | D        | Noticed a shining eye
   376 | D        | Noticed a shining eye
   376 | D        | Noticed a shining eye
   376 | D        | Noticed an oklob plant
   377 | D        | Found Nechyoss's Book Shoppe.
   378 | D        | Noticed a cane toad
   379 | D        | Bought an ichor-stained robe for 165 gold pieces
   379 | D        | Noticed a cane toad
   380 | D        | Bought a scroll of identify for 22 gold pieces
   380 | D        | Bought a scroll of blinking for 82 gold pieces
   380 | D        | Bought a scroll of fog for 22 gold pieces
   380 | D        | Bought a scroll of remove curse for 33 gold pieces
   380 | D        | Bought a scroll of silence for 82 gold pieces
   380 | D        | Bought a scroll of fear for 38 gold pieces
   380 | D        | Bought a scroll of enchant weapon for 82 gold pieces
   391 | D        | Identified the +2 robe of the Vacuum {Str+2} (You bought it
                  | in a shop in the Dungeon)
   392 | D        | Bought a scroll of summoning for 123 gold pieces
   392 | D        | Bought a scroll of blinking for 97 gold pieces
   394 | D        | Bought a potion of ambrosia for 88 gold pieces
   395 | D        | Bought a potion of resistance for 130 gold pieces
   395 | D        | Bought a potion of brilliance for 52 gold pieces
   395 | D        | Bought a potion of lignification for 39 gold pieces
   395 | D        | Bought a potion of curing for 39 gold pieces
   395 | D        | Bought a potion of might for 52 gold pieces
   395 | D        | Bought a potion of curing for 39 gold pieces
   395 | D        | Bought a potion of curing for 39 gold pieces
   395 | D        | Bought a potion of curing for 39 gold pieces
   415 | D        | Noticed an orange crystal statue
   446 | D        | Noticed a polar bear
   449 | D        | Noticed a polar bear
   451 | D        | Noticed a hornet
   457 | D        | Noticed a yaktaur
   461 | D        | Killed a hornet
   461 | D        | Reached skill level 11 in Unarmed Combat
   464 | D        | Killed a polar bear
   467 | D        | Killed a polar bear
   467 | D        | Reached skill level 10 in Fighting
   467 | D        | Reached skill level 12 in Unarmed Combat
   477 | D        | Killed a yaktaur
   477 | D        | Reached XP level 9. HP: 101/101 MP: 8/8
   524 | D        | Noticed a polar bear
   527 | D        | Killed a polar bear
   527 | D        | Reached skill level 13 in Unarmed Combat
   539 | D        | Noticed a death drake
   541 | D        | Noticed a death drake
   555 | D        | Killed a death drake
   555 | D        | Reached skill level 14 in Unarmed Combat
   562 | D        | Noticed a crystal guardian
   578 | D        | Killed a crystal guardian
   578 | D        | Reached skill level 10 in Shields
   578 | D        | Reached skill level 15 in Unarmed Combat
   596 | D        | Killed a death drake
   596 | D        | Reached XP level 10. HP: 68/112 MP: 9/9
   682 | D        | Reached skill level 16 in Unarmed Combat
   735 | D        | Noticed a deep elf master archer
   742 | D        | Noticed a great orb of eyes
   747 | D        | Killed a great orb of eyes
   747 | D        | Reached skill level 17 in Unarmed Combat
   866 | D        | Noticed a kraken
   988 | D        | Noticed an ice statue
  1055 | D        | Noticed a deep troll
  1055 | D        | Noticed a deep troll
  1057 | D        | Killed a deep troll
  1067 | D        | Killed a deep troll
  1067 | D        | Reached skill level 18 in Unarmed Combat
  1146 | D        | HP: 1/171 [tentacle[a kraken] (17)]
  1148 | D        | Demolished by a tentacle

Illustrated notes

Levels and vault maps discovered:
D:        the_violet_keep_of_menkaure [sprint2_stairs_cluster_1,
          sprint2_shoproom, sprint2_temple, sprint2_basic_supplies,
          sprint2_obstacle_4, sprint2_obstacle_2, sprint2_obstacle_5,
          sprint2_obstacle_1, sprint2_obstacle_6, sprint2_timed_cluster_1,
          sprint2_smallroom_cluster_1, sprint2_smallroom_final_cluster_1,
          sprint2_transparent_cluster_1, sprint2_second_timed_cluster_1,
          sprint2_sniper_area_1, sprint2_heavy_combat_area_1,
          sprint2_mutation_trap_area_1, sprint2_forest_area_1,
          sprint2_light_combat_area_1, sprint2_behind_water_1,
          sprint2_near_end_vault_1]

Skill      XL: |  1  2  3  4  5  6  7  8  9 10 |
---------------+-------------------------------+-----
Fighting       | 3 5 7 8 9 10 11 | 11.4
Shields        | 3 5 7 8 9 10 | 10.5
Unarmed Combat | 5 8 10 12 15 18 | 18.1
Dodging        | |  2.4

Action                   |  1- 3 |  4- 6 |  7- 9 | 10-12 || total
-------------------------+-------+-------+-------+-------++-------
Melee: Unarmed           |    14 |    25 |    54 |    44 ||   137
       Punch             |       |     1 |     6 |       ||     7
Invok: Potion Petition   |       |       |       |     1 ||     1
  Use: Potion            |     1 |       |     5 |     3 ||     9
 Stab: Distracted        |       |       |       |     1 ||     1
Armor: Robe              |     2 |     4 |     8 |    13 ||    27
       Skin              |       |       |     8 |       ||     8
Dodge: Dodged            |     7 |     5 |    10 |    20 ||    42

Table legend: (Time is in decaauts)
 A = Elapsed time spent in this place.
 B = Non-inter-level travel time spent in this place.
 C = Inter-level travel time spent in this place.
 D = Time resting spent in this place.
 E = Time spent auto-exploring this place.
 F = Levels seen in this place.
 G = Mean time per level.
                   A        B        C        D        E       F      G
               +--------+--------+--------+--------+--------+-----+--------+
         Total |   1155 |   1111 |     44 |    548 |      0 |   1 | 1155.0 |
       Dungeon |   1155 |   1111 |     44 |    548 |      0 |   1 | 1155.0 |
               +--------+--------+--------+--------+--------+-----+--------+

Top non-repeatable levels by time:
       D: 1155 daAuts
